[Event "Titled Tuesday Blitz April 25 Late 2023"]
[White "Atanasov, Anthony"]
[Black "Gonzalez, Francisco Silva"]
[WhiteFideId "2623897"]
[BlackFideId "1512285"]
[WhiteElo "2326"]
[BlackElo "2074"]
[Result "0-1"]
[Round "01"]
[TimeControl "180+2"]
[Date "2023.04.25"]
[WhiteClock "0:00:10"]
[BlackClock "0:00:02"]

1. d4 Nf6 2. Nf3 d5 3. Bf4 c5 4. e3 Nc6 5. Nbd2 cxd4 6. exd4 Bf5 7. c3 a6 8. Nh4 Be4 9. Nxe4 Nxe4 10. Nf3 e6 11. Bd3 Nf6 12. Ne5 Nxe5 13. dxe5 Nd7 14. Qg4 Nc5 15. Bc2 h5 16. Qg3 b5 17. Be3 Rc8 18. O-O-O Qc7 19. Kb1 a5 20. f4 g6 21. Bxg6 fxg6 22. Qxg6+ Qf7 23. Qc2 Qh7 24. f5 b4 25. Bxc5 Rxc5 26. Qa4+ Kd8 27. Rhf1 Rg8 28. cxb4 axb4 29. Ka1 Qd7 30. Qa8+ Qc8 31. Qa7 Qc7 32. Qa6 Qc6 33. Qd3 Rxg2 34. fxe6 Be7 35. Qf3 Rxh2 36. Qg3 Rhc2 37. Qg8+ Kc7 38. Rb1 Rc1 39. Qf7 Rxb1+ 40. Rxb1 Kd8 41. Qg8+ Qe8 42. Qh7 Kc7 43. Rf1 Kb6 44. b3 Qc8 45. Kb1 Qa6 46. Rf2 Qc8 47. Rf1 Qxe6 48. Qxh5 d4 49. Qd1 Qxe5 50. Qd3 Rc3 51. Qg6+ Bd6 52. Ka1 d3 53. Kb1 Rc2 54. Qg1+ Qc5 55. Qg8 Qc3 56. Qd8+ Qc7 57. Qe8 d2 58. Qe3+ Qc5 59. Qxc5+ Rxc5 60. Rd1 Bf4 61. a4 Rc1+ 62. Kb2 Rxd1 63. a5+ Ka6 64. Kc2 Rc1+ 65. Kd3 Rc3+ 66. Ke4 d1=Q 67. Kf5 Qd5+ 68. Kg4 Rg3+ 69. Kxf4 Qd6+ 70. Ke4 Qd3+ 71. Kf4 Qxb3 72. Ke4 Rg4+ 73. Kf5 Qg8 74. Ke5 Qg7+ 75. Kf5 Qg6+ 76. Ke5 Qh5+ 77. Kf6 Rg6+ 78. Kf7 Qh7+ 79. Kf8 Kxa5 80. Ke8 Rg8# 0-1


[Site "https://www.chess.com"]

[Event "Titled Tuesday Blitz April 25 Late 2023"]
[White "Skibbe, Willi"]
[Black "Perske, Thore"]
[WhiteFideId "4682190"]
[BlackFideId "12902195"]
[WhiteElo "2176"]
[BlackElo "2336"]
[Result "1-0"]
[Round "01"]
[TimeControl "180+2"]
[Date "2023.04.25"]
[WhiteClock "0:00:10"]
[BlackClock "0:00:13"]

1. d4 d5 2. c4 c6 3. Nf3 Nf6 4. Nbd2 Bf5 5. Nh4 Be4 6. f3 Bg6 7. Nxg6 hxg6 8. e3 e6 9. g3 Nbd7 10. f4 Bd6 11. Bd3 g5 12. b3 gxf4 13. gxf4 Qe7 14. c5 Bc7 15. Qe2 O-O-O 16. Bb2 g6 17. O-O-O Rh3 18. Nf3 Rdh8 19. Ng5 R3h6 20. b4 Nh7 21. Nf3 Nhf6 22. h4 Ne4 23. Qg2 Ndf6 24. Ng5 a6 25. Nxe4 dxe4 26. Bxe4 Nxe4 27. Qxe4 Rxh4 28. Rxh4 Rxh4 29. Rh1 Qf6 30. d5 Rxh1+ 31. Qxh1 Qf5 32. d6 Bd8 33. Qd1 Qe4 34. Qd4 Qg2 35. d7+ Kb8 36. Qd6+ Ka7 37. Be5 Qf1+ 38. Kc2 Qe2+ 39. Kb3 Bc7 40. Qxc7 Qd1+ 41. Ka3 Qd3+ 42. Kb2 Qd2+ 43. Kb3 Qd3+ 44. Bc3 Qb1+ 45. Bb2 Qd3+ 46. Ka4 Qb5+ 47. Kb3 Qd3+ 48. Bc3 Qb1+ 49. Ka3 Qc1+ 50. Ka4 Qc2+ 51. Ka3 Qc1+ 52. Bb2 Qxe3+ 53. Ka4 1-0


[Site "https://www.chess.com"]

[Event "Titled Tuesday Blitz April 25 Late 2023"]
[White "Di Berardino, Diego Rafael"]
[Black "Panico, Nick"]
[WhiteFideId "2105446"]
[BlackFideId "2026724"]
[WhiteElo "2432"]
[BlackElo "1982"]
[Result "1-0"]
[Round "01"]
[TimeControl "180+2"]
[Date "2023.04.25"]
[WhiteClock "0:00:09"]
[BlackClock "0:00:24"]

1. e4 e6 2. d4 d5 3. Nd2 Nf6 4. e5 Nfd7 5. f4 c5 6. Ngf3 Nc6 7. Nb3 Qb6 8. Be2 a5 9. c3 a4 10. dxc5 Nxc5 11. Nbd4 Ne4 12. a3 Bc5 13. O-O Na5 14. Qxa4+ Bd7 15. Qd1 Nb3 16. Rb1 Nxc1 17. Qxc1 O-O 18. Kh1 Rfc8 19. Qe1 Qc7 20. Bd3 Bc6 21. Qh4 h6 22. Rbe1 Be7 23. Qh5 Be8 24. Qh3 b5 25. f5 Ng5 26. Nxg5 Bxg5 27. fxe6 Qe7 28. exf7+ Bxf7 29. e6 Be8 30. Nf5 Qc5 31. Qg3 Bg6 32. Nxh6+ Bxh6 33. Bxg6 Rf8 34. Rxf8+ Rxf8 35. Bf7+ Kh8 36. e7 Rxf7 37. e8=Q+ Rf8 38. Qe2 b4 39. axb4 Qc8 40. h3 Kh7 41. Qeg4 Qc6 42. Re7 Qf6 43. Rd7 Qf1+ 44. Kh2 d4 45. Qxg7+ Bxg7 46. Qxg7# 1-0


[Site "https://www.chess.com"]

[Event "Titled Tuesday Blitz April 25 Late 2023"]
[White "Rosen, Eric"]
[Black "Albuquerque Junior,Wellington S."]
[WhiteFideId "2032562"]
[BlackFideId "2151480"]
[WhiteElo "2331"]
[BlackElo "2109"]
[Result "1-0"]
[Round "01"]
[TimeControl "180+2"]
[Date "2023.04.25"]
[WhiteClock "0:00:08"]
[BlackClock "0:00:08"]

1. e4 c5 2. Nf3 d6 3. Nc3 Nf6 4. e5 dxe5 5. Nxe5 Nbd7 6. d4 cxd4 7. Qxd4 e6 8. Bb5 a6 9. Bxd7+ Nxd7 10. Bf4 Qb6 11. Qxb6 Nxb6 12. O-O-O f6 13. Be3 Nd7 14. Nc4 b5 15. Nd6+ Bxd6 16. Rxd6 Ne5 17. Rhd1 O-O 18. Bc5 Re8 19. b3 Bb7 20. Bd4 Nf7 21. Rd7 Bc6 22. Rc7 Rec8 23. Rxc8+ Rxc8 24. f4 Rd8 25. g3 Nh6 26. h3 Nf5 27. Bf2 Rxd1+ 28. Nxd1 h5 29. Kd2 Kf7 30. Nb2 Bg2 31. h4 Bb7 32. Nd3 Bc8 33. Nc5 Nd6 34. Kc3 e5 35. fxe5 fxe5 36. a4 bxa4 37. bxa4 g6 38. Kb4 Nf5 39. Ka5 e4 40. Nxe4 Ke6 41. Kb6 Kd5 42. Ng5 Nd4 43. Bxd4 Kxd4 44. a5 Kc3 45. Nf7 Kxc2 46. Nd6 Be6 47. Kxa6 Bd5 48. Kb6 Kd3 49. a6 Ke3 50. Nb7 Bf3 51. a7 Kf2 52. a8=Q Kxg3 53. Qg8 Be4 54. Nd6 Bd3 55. Qd8 Kg4 56. Qg5+ Kh3 57. Kc5 Be2 58. Kd4 Bg4 59. Ke3 Kg2 60. Qf4 Kh1 61. Qg3 Bd7 62. Kf2 Bc6 63. Qg1# 1-0


[Site "https://www.chess.com"]

[Event "Titled Tuesday Blitz April 25 Late 2023"]
[White "Aigner, Michael"]
[Black "Espinosa, Pedro"]
[WhiteFideId "2017288"]
[BlackFideId "30921066"]
[WhiteElo "1966"]
[BlackElo "2016"]
[Result "0-1"]
[Round "01"]
[TimeControl "180+2"]
[Date "2023.04.25"]
[WhiteClock "0:00:00"]
[BlackClock "0:00:00"]

1. e4 c5 2. Nc3 Nc6 3. g3 g6 4. Bg2 Bg7 5. d3 e6 6. f4 Nge7 7. Nf3 O-O 8. Be3 b6 9. O-O Bb7 10. d4 cxd4 11. Nxd4 Nxd4 12. Bxd4 d5 13. Bxg7 Kxg7 14. exd5 Nxd5 15. Nxd5 Bxd5 16. Bxd5 Qxd5 17. Qxd5 exd5 18. Rad1 Rac8 19. c3 Rfd8 20. Rd4 Kf6 21. Re1 Rc4 22. Red1 Rxd4 23. Rxd4 Ke6 24. Kf2 f5 25. Rd2 Kd6 26. h4 b5 27. a3 Re8 28. Re2 Re4 29. Rxe4 dxe4 30. Ke3 Kd5 31. b3 a5 32. Kd2 h5 33. Ke3 a4 0-1


[Site "https://www.chess.com"]

[Event "Titled Tuesday Blitz April 25 Late 2023"]
[White "Taboas Rodriguez, Daniel"]
[Black "Bogaudinov, Rushan"]
[WhiteFideId "2208466"]
[BlackFideId "4129288"]
[WhiteElo "2365"]
[BlackElo "1967"]
[Result "0-1"]
[Round "01"]
[TimeControl "180+2"]
[Date "2023.04.25"]
[WhiteClock "0:00:28"]
[BlackClock "0:00:17"]

1. d4 d5 2. Nf3 Nf6 3. c4 dxc4 4. e3 e6 5. Bxc4 Be7 6. O-O O-O 7. Nc3 a6 8. a4 c5 9. Qe2 Nc6 10. dxc5 Bxc5 11. e4 e5 12. Bg5 Bg4 13. Nd5 Nd4 14. Nxd4 Bxe2 15. Nxe2 Be7 16. Bxf6 Bxf6 17. Rfd1 Rc8 18. b3 Qa5 19. Ng3 Bg5 20. Nf5 Qc5 21. h4 Bd8 22. h5 g6 23. Nfe3 Kg7 24. hxg6 hxg6 25. b4 Qa7 26. b5 Rh8 27. Rab1 axb5 28. Bxb5 Bg5 29. Bd7 Rcd8 30. Bb5 Rh4 31. Rb4 Bxe3 32. Nxe3 Rxd1+ 33. Nxd1 Qa5 34. Rb1 Qe1+ 35. Bf1 Rxe4 36. a5 Rd4 0-1


[Site "https://www.chess.com"]

[Event "Titled Tuesday Blitz April 25 Late 2023"]
[White "Munoz, Francisco Javier"]
[Black "Kostiukov, Alexandr"]
[WhiteFideId "128368"]
[BlackFideId "14108100"]
[WhiteElo "2383"]
[BlackElo "2202"]
[Result "1-0"]
[Round "01"]
[TimeControl "180+2"]
[Date "2023.04.25"]
[WhiteClock "0:00:01"]
[BlackClock "0:00:00"]

1. e4 c5 2. Nc3 g6 3. f4 Bg7 4. Nf3 Nc6 5. Bb5 Nd4 6. Nxd4 cxd4 7. Ne2 Qb6 8. Bc4 e6 9. d3 Ne7 10. O-O d5 11. exd5 exd5 12. Bb3 O-O 13. Ng3 Qd6 14. Bd2 Nf5 15. Nxf5 Bxf5 16. Qf3 Rad8 17. Rae1 h5 18. a3 Bg4 19. Qf2 Rfe8 20. Bb4 Qc6 21. h3 Bf5 22. Qf3 Be6 23. g4 hxg4 24. hxg4 f5 25. gxf5 gxf5 26. Kf2 Bf7 27. Rg1 Re3 28. Rxe3 dxe3+ 29. Qxe3 d4 30. Qe7 Rf8 31. Qxf8+ 1-0


[Site "https://www.chess.com"]

[Event "Titled Tuesday Blitz April 25 Late 2023"]
[White "Chernobay, Artem"]
[Black "Marchesich, Giovanni"]
[WhiteFideId "4167406"]
[BlackFideId "2824790"]
[WhiteElo "2474"]
[BlackElo "2209"]
[Result "0-1"]
[Round "01"]
[TimeControl "180+2"]
[Date "2023.04.25"]
[WhiteClock "0:00:03"]
[BlackClock "0:00:13"]

1. e4 e5 2. Nc3 Nf6 3. f4 d5 4. fxe5 Nxe4 5. Qf3 Nc6 6. Nxe4 Nd4 7. Qd1 dxe4 8. c3 Nc6 9. d4 exd3 10. Bxd3 Nxe5 11. Bb5+ Bd7 12. Qe2 Bd6 13. Nf3 O-O 14. O-O Nxf3+ 15. Rxf3 Bg4 16. Be3 Bxf3 17. Qxf3 c6 18. Bc4 Qe7 19. Bd4 Bc5 20. Rf1 Bxd4+ 21. cxd4 Rae8 22. Kh1 g6 23. d5 cxd5 24. Bxd5 b6 25. h3 Kg7 26. Qb3 Rd8 27. a4 Rd6 28. Qc3+ f6 29. Re1 Qd7 30. Bf3 Re8 31. Rf1 Qe7 32. b4 Qe5 33. Qc7+ Re7 34. Qc8 Re8 35. Qc7+ Qe7 36. Qc3 Re6 37. Kh2 Re1 38. Rf2 Qe5+ 39. Qxe5 R8xe5 40. Rc2 Re7 41. Rc8 Ra1 42. Bc6 Rb1 43. b5 Rb2 44. Bd5 f5 45. h4 Kf6 46. Rc6+ Ke5 47. Bf3 Kf4 48. Kh3 Ke3 49. Rc3+ Kd2 50. Rc6 Rg7 51. Kg3 h6 52. Kf4 Rb4+ 53. Ke5 Rxh4 54. Rd6+ Kc3 55. g3 Rxa4 56. Rc6+ Kb4 57. Bd5 Ra5 58. Rc4+ Ka3 59. Kd4 Rxb5 60. Rc2 Rxd5+ 61. Kxd5 Kb3 62. Rc8 a5 63. Rb8 Ka4 64. Rxb6 h5 65. Ke5 Re7+ 66. Kf6 Re3 67. Kxg6 Rxg3+ 68. Kxh5 Rf3 69. Kg5 Rf1 70. Rb8 Ka3 71. Rb7 a4 72. Rb8 Ka2 73. Rb7 a3 74. Rb8 Ka1 75. Rb7 a2 76. Rb8 Rb1 77. Rh8 Rb5 78. Rh1+ Kb2 0-1


[Site "https://www.chess.com"]

[Event "Titled Tuesday Blitz April 25 Late 2023"]
[White "Ismagilov, Damir"]
[Black "Prieto Aranguren, Alain"]
[WhiteFideId "34199982"]
[BlackFideId "2268906"]
[WhiteElo "2078"]
[BlackElo "2209"]
[Result "1-0"]
[Round "01"]
[TimeControl "180+2"]
[Date "2023.04.25"]
[WhiteClock "0:01:24"]
[BlackClock "0:00:37"]

1. d4 g6 2. Nf3 Bg7 3. e4 d6 4. Nbd2 e6 5. Bd3 Ne7 6. O-O O-O 7. Re1 c6 8. c3 Nd7 9. h3 b6 10. a4 Bb7 11. a5 bxa5 12. Nc4 a4 13. Nxd6 Qc7 14. Nxb7 Qxb7 15. Qxa4 Nb6 16. Qa6 Qc7 17. Bg5 Rfe8 18. Bh4 Qd7 19. Rad1 Reb8 20. Ne5 Qe8 21. Bxe7 Qxe7 22. Nxc6 Qb7 23. Nxb8 Qxb8 24. e5 Nd5 25. Be4 Qd8 26. c4 Nc7 27. Qa5 Rb8 28. Qc3 Qc8 29. d5 exd5 30. cxd5 Qd8 31. Bf3 Nb5 32. Qd3 a6 33. d6 Rb6 34. Bd5 Kf8 35. Rc1 f6 36. exf6 Bxf6 37. Ba2 Rxd6 38. Qc4 Kg7 39. Bb3 Bxb2 40. Rcd1 Bf6 41. Qf7+ Kh6 42. Rxd6 Nxd6 43. Qd5 Nf5 44. Qxd8 Bxd8 45. Re8 Bb6 46. Rb8 Bc5 47. Rb7 g5 48. Bg8 Ng7 49. Rc7 Bd4 50. Rc6+ Kh5 51. Bf7+ Kh4 52. Rh6+ 1-0


[Site "https://www.chess.com"]

[Event "Titled Tuesday Blitz April 25 Late 2023"]
[White "Tsyhanchuk, Stanislav"]
[Black "Schnaider, Ilan"]
[WhiteFideId "13505130"]
[BlackFideId "169013"]
[WhiteElo "2173"]
[BlackElo "2224"]
[Result "0-1"]
[Round "01"]
[TimeControl "180+2"]
[Date "2023.04.25"]
[WhiteClock "0:00:15"]
[BlackClock "0:00:28"]

1. c4 Nf6 2. Nc3 d5 3. cxd5 Nxd5 4. e4 Nxc3 5. bxc3 g6 6. d4 Bg7 7. Bc4 c5 8. Ne2 O-O 9. O-O Nc6 10. Be3 b6 11. Rc1 Bb7 12. f4 Rc8 13. d5 Na5 14. Bd3 c4 15. Bb1 e6 16. d6 e5 17. fxe5 Bxe5 18. Bf4 Nc6 19. Qd5 Nd4 20. Qxe5 Nxe2+ 21. Kh1 Re8 22. Qb5 Rc5 23. Qa4 Nxc1 24. Qxa7 Ne2 25. Qxb7 Nxf4 26. Rxf4 Rf8 27. Qe7 Qxe7 28. dxe7 Re8 29. h3 Rxe7 30. Kh2 Rb5 31. Bc2 Rb2 32. Ba4 Rxa2 33. Bb5 Rc2 34. Rf3 Rxe4 35. Bc6 Ree2 36. Bd5 Rxg2+ 37. Kh1 Rgd2 38. Bxf7+ Kg7 39. Rf1 Rf2 40. Rxf2 Rxf2 41. Bxc4 Rc2 42. Bb5 Rxc3 43. Kg2 Rc5 44. Bd7 b5 45. Bg4 b4 46. Be2 Rc3 47. Kf2 b3 48. Bg4 b2 49. Ke2 b1=Q 50. Kd2 Qb2+ 51. Kd1 Rc1# 0-1


[Site "https://www.chess.com"]

[Event "Titled Tuesday Blitz April 25 Late 2023"]
[White "Janaszak, Dawid"]
[Black "Harish, Neeraj"]
[WhiteFideId "1119206"]
[BlackFideId "30958130"]
[WhiteElo "2220"]
[BlackElo "1965"]
[Result "0-1"]
[Round "01"]
[TimeControl "180+2"]
[Date "2023.04.25"]
[WhiteClock "0:00:02"]
[BlackClock "0:00:02"]

1. e4 e5 2. Nf3 Nc6 3. d4 exd4 4. Nxd4 Nf6 5. Nxc6 bxc6 6. e5 Qe7 7. Qe2 Nd5 8. h4 d6 9. c4 Ba6 10. Bg5 f6 11. exf6 Qxe2+ 12. Bxe2 Nxf6 13. Nc3 O-O-O 14. O-O-O Be7 15. b3 Rhe8 16. Bf3 Bb7 17. Rhe1 h6 18. Be3 c5 19. Bxb7+ Kxb7 20. f3 Nd7 21. h5 Ne5 22. Kc2 Nc6 23. Nd5 Bh4 24. Rh1 Bg5 25. Rde1 Bxe3 26. Nxe3 Nd4+ 27. Kd3 Re6 28. Nd5 Rde8 29. Re3 Nf5 30. Rxe6 Rxe6 31. g4 Nd4 32. Rf1 Re2 33. Nc3 Rg2 34. Ke4 Rc2 35. Kd3 Rg2 36. b4 Ne6 37. b5 a6 38. a4 Nd4 39. Ke4 axb5 40. Nxb5 Nxb5 41. axb5 Rc2 42. Kd3 Rg2 43. Re1 Kb6 44. Re7 Rf2 45. Ke3 Rc2 46. Kd3 Rf2 47. Rf7 Ka5 48. Ke3 Rc2 49. Rxg7 Rxc4 50. g5 hxg5 51. Rxg5 Rh4 52. f4 Kxb5 53. f5 Rh3+ 54. Kf4 Kc6 55. f6 Kd7 56. Kf5 Rf3+ 57. Kg6 Ke6 58. Kg7 Rxf6 59. Rg6 Rxg6+ 60. Kxg6 c4 61. h6 c3 62. h7 c2 63. h8=Q c1=Q 64. Qe8+ Kd5 65. Qf7+ Kc6 66. Qe8+ Kb6 67. Qb8+ Kc6 68. Qa8+ Kd7 69. Qa4+ Qc6 70. Qg4+ Kd8 71. Kf6 d5+ 72. Kg5 Qd6 73. Qa4 d4 74. Qa8+ Ke7 75. Qa1 d3 76. Qg7+ Kd8 77. Qg8+ Kd7 78. Kf5 Kc6 79. Qa8+ Kd7 80. Qa4+ c6 81. Qa7+ Qc7 82. Qd4+ Qd6 83. Qa7+ Kc8 84. Qa8+ Kc7 85. Qa7+ Kd8 86. Qa8+ Ke7 87. Qa1 Qd5+ 88. Kg6 d2 89. Qf6+ Kd7 90. Qg7+ Kc8 91. Qf8+ Kc7 92. Kh6 Qd6+ 93. Kh7 Qxf8 0-1


[Site "https://www.chess.com"]

[Event "Titled Tuesday Blitz April 25 Late 2023"]
[White "Leschinsky, Gary"]
[Black "Soham Kamotra"]
[WhiteFideId "30951321"]
[BlackFideId "46647490"]
[WhiteElo "1855"]
[BlackElo "2209"]
[Result "0-1"]
[Round "01"]
[TimeControl "180+2"]
[Date "2023.04.25"]
[WhiteClock "0:00:05"]
[BlackClock "0:00:08"]

1. d4 Nf6 2. c4 b6 3. Nc3 Bb7 4. f3 d5 5. cxd5 Nxd5 6. Nxd5 Qxd5 7. e4 Qd7 8. Be3 e6 9. Bc4 Bb4+ 10. Kf2 O-O 11. Ne2 Rd8 12. Rc1 Be7 13. Qc2 c5 14. dxc5 bxc5 15. Rhd1 Qe8 16. Kg1 Nc6 17. Bb5 Rxd1+ 18. Rxd1 Qf8 19. Rd7 Nb4 20. Qc4 Rb8 21. Rxe7 Qxe7 22. Bxc5 Qg5 23. Bxb4 Rc8 24. Qd3 Rd8 25. Bd6 a6 26. Bc4 Qa5 27. Kf1 Qb6 28. e5 Rc8 29. b3 Qa5 30. a4 Qb6 31. Nc3 Qc6 32. Ne4 Qd7 33. Nc5 Qc6 34. Ke2 Rd8 35. Nxb7 Qxb7 36. Bxa6 Qb6 37. Bc4 Qg1 38. Qe3 Qxg2+ 39. Qf2 Qg6 40. Bd3 Qg5 41. Qg3 Qh5 42. Be4 Rc8 43. a5 Qh6 44. f4 Qh5+ 45. Kf2 Qd1 46. Qf3 Qd4+ 47. Qe3 Qa1 48. Qh3 g6 49. a6 Qxa6 50. Qd3 Qb6+ 51. Qe3 Qb5 52. Kf3 Qa5 53. Qd3 Rc3 54. b4 Rxd3+ 55. Bxd3 Qa3 56. Ke3 Qc3 57. Bc5 h6 58. Bd6 g5 59. fxg5 hxg5 60. b5 Qc1+ 61. Ke4 Qf4# 0-1


[Site "https://www.chess.com"]

[Event "Titled Tuesday Blitz April 25 Late 2023"]
[White "Srinath, Rao S.V."]
[Black "Smith, Garrett L"]
[WhiteFideId "5028876"]
[BlackFideId "2024829"]
[WhiteElo "2196"]
[BlackElo "2047"]
[Result "0-1"]
[Round "01"]
[TimeControl "180+2"]
[Date "2023.04.25"]
[WhiteClock "0:00:03"]
[BlackClock "0:00:08"]

1. e4 c5 2. Nf3 Nc6 3. d4 cxd4 4. Nxd4 e5 5. Nf3 Nf6 6. Nc3 Bb4 7. Bd3 d5 8. exd5 Qxd5 9. O-O Bxc3 10. bxc3 Bg4 11. Be2 O-O 12. Qxd5 Nxd5 13. c4 Nc3 14. Bd1 e4 15. h3 Bh5 16. g4 Bg6 17. Nh4 Rac8 18. Nxg6 fxg6 19. Bd2 Nxd1 20. Rfxd1 Ne5 21. Bb4 Rf7 22. Rd5 Nxc4 23. Re1 Re8 24. Rd4 b5 25. Rdxe4 Rxe4 26. Rxe4 h5 27. gxh5 gxh5 28. Re8+ Kh7 29. Ra8 Rd7 30. Rb8 a5 31. Bc5 b4 32. Rc8 Na3 33. c3 Rd1+ 34. Kg2 Nc2 35. cxb4 Nxb4 36. Rc7 Nd3 37. Bf8 Rd2 38. Rxg7+ Kh8 39. Rf7 Rxa2 40. Rf5 Kg8 41. Bd6 a4 42. Bg3 a3 43. Rg5+ Kf7 44. Rxh5 Rb2 45. Ra5 a2 46. h4 Nc1 47. Be5 Rb1 48. h5 Nd3 49. Bd4 Nb4 50. h6 Kg6 51. Ra7 Kxh6 52. Be3+ Kg6 53. Bd4 Nc2 54. Ra6+ Kf7 55. Bc3 a1=Q 56. Bxa1 Nxa1 57. Kg3 Nb3 58. Kg4 Nd4 59. Ra7+ Ke6 60. Ra6+ Kd5 61. Ra5+ Ke4 62. Kg5 Rg1+ 63. Kf6 Rf1 64. Re5+ Kd3 65. Rd5 Rxf2+ 66. Ke7 Ke4 67. Rc5 Nf5+ 68. Ke6 Ra2 69. Rc4+ Nd4+ 70. Kd6 Ra6+ 71. Kc5 Rc6+ 72. Kb4 Rb6+ 73. Kc5 Rb5+ 74. Kd6 Kd3 75. Rc5 Rb6+ 76. Ke5 Nf3+ 77. Kf4 Rf6+ 78. Kg3 Nd4 79. Rd5 Rf3+ 80. Kg4 Re3 81. Kf4 Re4+ 82. Kg3 Ke3 83. Rd8 Nf5+ 84. Kg2 Nd4 85. Kg3 Nf5+ 86. Kg2 Kf4 87. Kf2 Ra4 88. Rd2 Ra3 89. Rb2 Nd4 90. Rb4 Ra2+ 91. Ke1 Ke3 92. Kf1 Kf3 93. Kg1 Kg3 94. Rb1 Nf3+ 95. Kh1 Rh2# 0-1


[Site "https://www.chess.com"]

[Event "Titled Tuesday Blitz April 25 Late 2023"]
[White "Lenaerts, Lennert"]
[Black "Kraus, Tomas"]
[WhiteFideId "211435"]
[BlackFideId "331708"]
[WhiteElo "2334"]
[BlackElo "2389"]
[Result "1-0"]
[Round "01"]
[TimeControl "180+2"]
[Date "2023.04.25"]
[WhiteClock "0:01:28"]
[BlackClock "0:00:18"]

1. d4 Nf6 2. c4 e6 3. Nc3 Bb4 4. g3 d5 5. Bg2 O-O 6. Nf3 b6 7. O-O Bb7 8. Ne5 Qc8 9. Bg5 Be7 10. cxd5 Nxd5 11. Bxe7 Nxe7 12. Bxb7 Qxb7 13. Rc1 Rd8 14. e3 c5 15. Qf3 Qxf3 16. Nxf3 cxd4 17. Nxd4 Nbc6 18. Nxc6 Nxc6 19. Rfd1 Rxd1+ 20. Rxd1 Rd8 21. Rxd8+ Nxd8 22. Kg2 Kf8 23. Kf3 Ke7 24. Ke4 Nc6 25. f4 f5+ 26. Kd3 e5 27. Kc4 Ke6 28. Kb5 Kd6 29. Ka6 exf4 30. exf4 Kc7 31. Nb5+ Kb8 32. a3 g6 33. h4 h5 34. b4 Ka8 35. Nc7+ Kb8 36. Ne6 Nd4 37. Nxd4 1-0


[Site "https://www.chess.com"]

[Event "Titled Tuesday Blitz April 25 Late 2023"]
[White "Leenhouts, Koen"]
[Black "Stanisz, Patryk"]
[WhiteFideId "1008439"]
[BlackFideId "1123106"]
[WhiteElo "2409"]
[BlackElo "2069"]
[Result "1-0"]
[Round "01"]
[TimeControl "180+2"]
[Date "2023.04.25"]
[WhiteClock "0:00:43"]
[BlackClock "0:00:02"]

1. e4 c5 2. Nf3 Nc6 3. Bb5 g6 4. Bxc6 dxc6 5. h3 Bg7 6. d3 Nf6 7. Nc3 Nd7 8. O-O e5 9. Be3 Qe7 10. Nh2 Nf8 11. f4 exf4 12. Bxf4 Ne6 13. Be3 Nd4 14. Qd2 h6 15. Rf2 Be6 16. Raf1 O-O-O 17. Ng4 Bxg4 18. Rxf7 Qh4 19. Rxg7 Bxh3 20. Bf4 Bd7 21. Na4 g5 22. Bh2 Rhf8 23. Rgf7 Rxf7 24. Rxf7 b6 25. c3 Qh5 26. Rf2 Ne6 27. b4 cxb4 28. cxb4 Rf8 29. Nc3 Rxf2 30. Qxf2 Kb7 31. d4 Qg4 32. d5 Nf4 33. Bxf4 gxf4 34. Qf3 Qg7 35. b5 cxb5 36. Ne2 Qa1+ 37. Kh2 Qxa2 38. Nxf4 Qb2 39. Nd3 Qg7 40. e5 h5 41. e6 Bxe6 42. dxe6+ Kb8 43. Qf4+ Kb7 44. Qf7+ 1-0


[Site "https://www.chess.com"]

[Event "Titled Tuesday Blitz April 25 Late 2023"]
[White "Garmash, Aliona"]
[Black "Martic, Ivan"]
[WhiteFideId "34127620"]
[BlackFideId "929301"]
[WhiteElo "1959"]
[BlackElo "2360"]
[Result "1-0"]
[Round "01"]
[TimeControl "180+2"]
[Date "2023.04.25"]
[WhiteClock "0:00:18"]
[BlackClock "0:00:03"]

1. d4 d5 2. c4 e6 3. Nf3 a6 4. cxd5 exd5 5. Nc3 Nf6 6. Bg5 Be7 7. e3 Bf5 8. Be2 O-O 9. O-O c6 10. Rc1 Ne4 11. Bxe7 Qxe7 12. Qb3 Ra7 13. Na4 Nd7 14. Rfd1 a5 15. Nb6 Ndf6 16. Ne5 h5 17. Na4 Nd7 18. Nxd7 Qxd7 19. Bxh5 g5 20. Be2 Kg7 21. Nc5 Nxc5 22. Rxc5 Rh8 23. Qc3 Qd6 24. g3 Qh6 25. Bf3 Qxh2+ 26. Kf1 g4 27. Bg2 Raa8 28. Rxa5 Qxg2+ 29. Kxg2 Be4+ 30. Kf1 Bf3 31. Ke1 Rh1+ 32. Kd2 Rxd1+ 33. Kc2 Rxa5 34. Qxa5 Rf1 35. Qd2 b5 36. Kb3 Rd1 37. Qc3 Be2 38. Qxc6 Rd2 39. Qc7 Bc4+ 40. Ka3 Rxf2 41. Qe5+ Kg6 42. b3 Bd3 43. Qxd5 Bb1 44. Qc6+ f6 45. Qxb5 Rxa2+ 46. Kb4 Rg2 47. Qf1 Rb2 48. Qf4 Rd2 49. Qxg4+ Kf7 50. Qd7+ Kg6 51. d5 Be4 52. Qg4+ Kf7 53. Qxe4 1-0


[Site "https://www.chess.com"]

[Event "Titled Tuesday Blitz April 25 Late 2023"]
[White "Ehlvest, Jaan"]
[Black "Chakravarthi Reddy, M"]
[WhiteFideId "4500016"]
[BlackFideId "25009532"]
[WhiteElo "2442"]
[BlackElo "2201"]
[Result "1-0"]
[Round "01"]
[TimeControl "180+2"]
[Date "2023.04.25"]
[WhiteClock "0:01:15"]
[BlackClock "0:00:27"]

1. e4 g6 2. d4 Bg7 3. Nc3 d6 4. Nf3 a6 5. Be3 b5 6. Qd2 Bb7 7. Bd3 Nf6 8. Bh6 O-O 9. Bxg7 Kxg7 10. h4 h5 11. Ng5 c5 12. dxc5 dxc5 13. e5 Nd5 14. Be4 e6 15. O-O-O Nd7 16. Nxd5 exd5 17. Bxd5 Ra7 18. Bxf7 Bxg2 19. Ne6+ Kxf7 20. Nxd8+ Rxd8 21. Rhg1 1-0


[Site "https://www.chess.com"]

[Event "Titled Tuesday Blitz April 25 Late 2023"]
[White "Zeynalli, Rashad"]
[Black "Simonovic, Miroslav"]
[WhiteFideId "13403320"]
[BlackFideId "919152"]
[WhiteElo "2125"]
[BlackElo "2042"]
[Result "1-0"]
[Round "01"]
[TimeControl "180+2"]
[Date "2023.04.25"]
[WhiteClock "0:00:12"]
[BlackClock "0:00:03"]

1. d4 Nf6 2. Bf4 c5 3. e3 b6 4. Nf3 Bb7 5. Nc3 g6 6. d5 d6 7. h3 Bg7 8. Bc4 O-O 9. O-O a6 10. a4 Nbd7 11. e4 Qc7 12. Re1 Ne5 13. Nxe5 dxe5 14. Be3 Ne8 15. Qd2 Nd6 16. Bf1 Rfd8 17. Bh6 Bh8 18. f4 f5 19. fxe5 Bxe5 20. Bf4 Nxe4 21. Nxe4 Bxf4 22. d6 Bxd6 23. Nxd6 exd6 24. Qg5 Rd7 25. Re3 d5 26. Rae1 Rf8 27. Re7 Qd6 28. Rxd7 Qxd7 29. Re7 Qd8 30. Qe3 Bc8 31. Bxa6 Qd6 32. Ra7 Bxa6 33. Qh6 Rf7 34. Ra8+ Qf8 35. Rxf8+ Rxf8 36. Qe3 Kf7 37. Qe5 d4 38. Qc7+ Kg8 39. Qxb6 Be2 40. Qe6+ Kg7 41. Qxe2 Rd8 42. Qe7+ 1-0


[Site "https://www.chess.com"]

[Event "Titled Tuesday Blitz April 25 Late 2023"]
[White "Dylag, Emilia"]
[Black "Ozates, Tuna"]
[WhiteFideId "21805172"]
[BlackFideId "6354521"]
[WhiteElo "1878"]
[BlackElo "2151"]
[Result "0-1"]
[Round "01"]
[TimeControl "180+2"]
[Date "2023.04.25"]
[WhiteClock "0:00:05"]
[BlackClock "0:00:10"]

1. d4 f5 2. c4 Nf6 3. Nc3 e6 4. Qc2 d5 5. Nf3 c6 6. Bf4 Bb4 7. e3 Ne4 8. Bd3 O-O 9. Ne5 Nd7 10. f3 Nxe5 11. Bxe5 Nf6 12. O-O b6 13. Rac1 Bd7 14. cxd5 cxd5 15. Nb5 Rc8 16. Qb3 Bxb5 17. Bxb5 Qe7 18. Bxf6 gxf6 19. Rc2 Rxc2 20. Qxc2 Bd6 21. Qc6 Kg7 22. e4 dxe4 23. fxe4 f4 24. d5 e5 25. a3 f5 26. exf5 Rxf5 27. Bd3 e4 28. Bc2 Bc5+ 29. Kh1 Rf6 30. Qa4 e3 31. Qe4 Qxe4 32. Bxe4 Rf8 33. Bf3 Kf6 34. Rd1 Ke5 35. Rd3 Bd4 36. b3 Rc8 37. h3 Rc1+ 38. Rd1 Rc3 39. d6 Rc8 40. d7 Rd8 41. Bg4 h5 42. Bxh5 Rxd7 43. Bf3 Rc7 44. h4 Rc3 45. h5 Rc7 46. Kh2 Bc3 47. Kh3 Bd2 48. Kg4 Rg7+ 49. Kh4 Kf5 50. Kh3 Kg5 51. Rf1 Rc7 52. Rd1 Rc3 53. b4 Rxa3 54. b5 Rb3 55. Be2 Ra3 56. Kh2 Kh4 57. h6 Rc3 58. h7 Rc8 59. Bd3 Rh8 60. Rf1 Kg4 61. Rd1 Kg5 62. Rf1 Kg4 63. Rd1 Rd8 64. Rf1 Kg5 65. Rd1 Kh6 66. Kh3 Kg7 67. Kg4 Rxd3 68. Kf3 Rd5 69. Ke2 Rxb5 70. Kf3 Kxh7 71. Ke2 Rc5 72. Kf3 b5 73. Ke2 b4 74. Rxd2 exd2 0-1


[Site "https://www.chess.com"]

[Event "Titled Tuesday Blitz April 25 Late 2023"]
[White "Vlassov, Nikolai"]
[Black "Antonova, Nadezhda"]
[WhiteFideId "4103360"]
[BlackFideId "14700182"]
[WhiteElo "2324"]
[BlackElo "1765"]
[Result "0-1"]
[Round "01"]
[TimeControl "180+2"]
[Date "2023.04.25"]
[WhiteClock "0:00:02"]
[BlackClock "0:00:23"]

1. e4 c6 2. d4 d5 3. e5 Bf5 4. Nc3 e6 5. g4 Bg6 6. Nge2 a6 7. Be3 c5 8. Bg2 Nc6 9. h4 h6 10. f4 cxd4 11. Nxd4 Nxd4 12. Bxd4 Be7 13. O-O Bxh4 14. f5 Bh7 15. Qf3 Qe7 16. Na4 O-O-O 17. Bc5 Qe8 18. Nb6+ Kb8 19. Bd6+ Rxd6 20. exd6 Qd8 21. Nc4 Nf6 22. Ne5 Rf8 23. c4 Qxd6 24. cxd5 Qxe5 25. dxe6 Qc5+ 26. Kh1 Qb6 27. e7 Re8 28. Qf4+ Ka7 29. Qe5 Nd7 30. Qxg7 Bxf5 31. Qxf7 Bg6 32. Qg7 Rxe7 33. Qxh6 Bg3 34. g5 Rh7 35. Rf3 Bc7 0-1


[Site "https://www.chess.com"]